 Dungeon Crawl Stone Soup version 0.24-a0-525-g9231cdc (webtiles) character file.

Game seed: 17773251298555180036

1257 pichaelthompson the Charmwright (level 8, 0/64 HPs)
             Began as a Gnoll Skald on July 31, 2019.
             Succumbed to an orc wizard's poison
             ... on level 4 of the Dungeon.
             The game lasted 00:07:52 (3720 turns).

pichaelthompson the Charmwright (Gnoll Skald)       Turns: 3720, Time: 00:07:52

Health: 0/64       AC:  9    Str: 13    XL:     8   Next: 51%
Magic:  9/17       EV: 14    Int: 15    God:
Gold:   190        SH:  0    Dex: 18    Spells: 12/19 levels left

rFire    . . .     SeeInvis .   m - +0 trident (curse)
rCold    . . .     Gourm    .   (no shield)
rNeg     . . .     Faith    .   e - +0 ring mail
rPois    .         Spirit   .   n - +0 helmet
rElec    .         Reflect  .   q - +0 cloak
rCorr    .         Harm     .   (no gloves)
MR       .....                  i - +0 pair of boots
Stlth    ++........             s - amulet of rage
HPRegen  0.20/turn              (no ring)
MPRegen  0.15/turn              (no ring)

@: lethally poisoned (0 -> -11)
A: distributed training, fangs 1, strong nose
a: Evoke Berserk Rage


You were on level 4 of the Dungeon.
You were hungry.

You visited 1 branch of the dungeon, and saw 4 of its levels.

You collected 190 gold pieces.

Inventory:

Hand Weapons
 m - a cursed +0 trident (weapon)
Missiles
 f - 3 atropa-tipped darts (quivered)
 p - 12 poisoned darts
Armour
 e - a +0 ring mail (worn)
 i - a +0 pair of boots (worn)
 n - a +0 helmet (worn)
 q - a +0 cloak (worn)
Jewellery
 s - an amulet of rage (around neck)
Wands
 l - a wand of digging (8)
 o - a wand of paralysis (9)
Scrolls
 b - 2 scrolls of amnesia {unknown}
 g - 3 scrolls of identify {unknown}
 h - 2 scrolls of fog {unknown}
 j - a scroll of blinking {unknown}
 r - a scroll of teleportation {unknown}
 t - a scroll of enchant weapon {unknown}
 w - a scroll of remove curse {unknown}
Potions
 a - a potion of brilliance {unknown}
 c - a potion of resistance {unknown}
 k - a potion of mutation {unknown}
 v - 2 potions of invisibility {unknown}
Comestibles
 d - 5 rations
 u - 2 chunks of flesh


   Skills:
 + Level 5.7 Fighting
 + Level 3.2 Short Blades
 + Level 3.2 Long Blades
 + Level 3.2 Axes
 + Level 3.2 Maces & Flails
 + Level 5.7 Polearms
 + Level 3.2 Staves
 + Level 3.2 Slings
 + Level 3.2 Bows
 + Level 3.2 Crossbows
 + Level 3.2 Throwing
 + Level 4.2 Armour
 + Level 5.7 Dodging
 + Level 3.2 Stealth
 + Level 3.2 Shields
 + Level 3.2 Unarmed Combat
 + Level 6.0 Spellcasting
 + Level 2.6 Conjurations
 + Level 2.6 Hexes
 + Level 6.1 Charms
 + Level 2.6 Summonings
 + Level 2.6 Necromancy
 + Level 2.6 Translocations
 + Level 2.6 Transmutations
 + Level 2.6 Fire Magic
 + Level 2.6 Ice Magic
 + Level 2.6 Air Magic
 + Level 2.6 Earth Magic
 + Level 2.6 Poison Magic
 + Level 3.6 Invocations
 + Level 3.2 Evocations


You had 12 spell levels left.
You knew the following spells:

 Your Spells              Type           Power        Failure   Level  Hunger
a - Infusion              Chrm           ###.         2%          1    None
b - Spectral Weapon       Hex/Chrm       ###.....     14%         3    ##.....
c - Regeneration          Chrm/Necr      ###.......   14%         3    ##.....

Your spell library contained the following spells:

 Spells                   Type           Power        Failure   Level  Hunger
 Song of Slaying          Chrm           ###.....     3%          2    #......
 Shroud of Golubria       Chrm/Tloc      ###...       8%          2    #......


Dungeon Overview and Level Annotations

Branches:
Dungeon (4/15)
 Temple: D:4-7

Altars:
Makhleb
Sif Muna


Innate Abilities, Weirdness & Mutations

Your experience applies equally to all skills.
You have very sharp teeth.
Your uncanny sense of smell can sniff out nearby items.


Message History

The hound skeleton bites you but does no damage.
You closely miss the hound skeleton.
The hound skeleton is lightly damaged.
You feel sick.
Your spectral weapon barely misses the hound skeleton.
The hound skeleton barely misses you.
You swap places.
Your skin is crawling a little less now.
You feel sick.
The hound skeleton barely misses your spectral weapon.
You feel sick.
The hound skeleton bites your spectral weapon but does no damage.
The hound skeleton closely misses your spectral weapon.
You feel sick.
You feel sick.
You feel sick.
Your skin stops crawling.
* * * LOW HITPOINT WARNING * * *
You feel sick.
You die...

..# #.........)....#####...##
..# #.........))...#........#
# ..#
#..............#........# #
..# #..............#........#
#
###############...###........#
# .(.........# #...#
#........# # ....######.#
#...# ########## # ....# #...#
#...# # .#### ##.######.@.# #
.# #..#...##...# # .#
#.....###.(.# # ##
#...._∩##.Z.# # #..(..###...#
# #####..##...# #
###########.## # ...
#..........#÷# #
....#..........#)# #


You could see a hound skeleton and a friendly spectral +0 trident.

Vanquished Creatures
  Pikel (D:4)
  Sigmund (D:3)
  A hungry ghost (D:4)
  Crazy Yiuf (D:3)
  A hound (D:4)
  A centaur skeleton (D:4)
  2 orc priests (D:4)
  3 orc wizards
  An iguana (D:4)
  A worker ant (D:4)
  Robin (D:2)
  4 gnolls (D:2)
  10 adders
  A worm (D:3)
  3 dart slugs
  A leopard gecko (D:1)
  5 orcs (D:4)
  6 bats
  6 giant cockroaches
  17 goblins
  18 hobgoblins
  2 jackals (D:2)
  2 quokkas
  A ball python (D:1)
  3 frilled lizards
  4 kobolds
  A leopard gecko skeleton (D:4)
  9 rats
107 creatures vanquished.

Vanquished Creatures (others)
  An orc (D:4)
  A spectral weapon (D:4)
2 creatures vanquished.

Grand Total: 109 creatures vanquished

Notes
Turn   | Place    | Note
-------+----------+-------------------------------------------
     0 | D:1      | pichaelthompson the Gnoll Skald began the quest for the
                  | Orb.
     0 | D:1      | Reached XP level 1. HP: 20/20 MP: 6/6
    43 | D:1      | Reached XP level 2. HP: 12/26 MP: 0/7
   646 | D:1      | Reached XP level 3. HP: 31/31 MP: 9/9
   651 | D:1      | Learned a level 3 spell: Spectral Weapon
   655 | D:1      | Learned a level 3 spell: Regeneration
   711 | D:1      | Reached skill level 5 in Spellcasting
  1144 | D:2      | Reached skill level 1 in Invocations
  1248 | D:2      | Reached skill level 1 in Short Blades
  1248 | D:2      | Reached skill level 1 in Long Blades
  1248 | D:2      | Reached skill level 1 in Axes
  1248 | D:2      | Reached skill level 1 in Maces & Flails
  1248 | D:2      | Reached skill level 1 in Staves
  1248 | D:2      | Reached skill level 1 in Slings
  1248 | D:2      | Reached skill level 1 in Bows
  1248 | D:2      | Reached skill level 1 in Crossbows
  1248 | D:2      | Reached skill level 1 in Throwing
  1248 | D:2      | Reached skill level 1 in Stealth
  1248 | D:2      | Reached skill level 1 in Shields
  1248 | D:2      | Reached skill level 1 in Unarmed Combat
  1248 | D:2      | Reached skill level 1 in Evocations
  1332 | D:2      | Reached XP level 4. HP: 38/38 MP: 11/11
  1691 | D:2      | Noticed Robin
  1721 | D:2      | Reached skill level 1 in Conjurations
  1721 | D:2      | Reached skill level 1 in Hexes
  1721 | D:2      | Reached skill level 1 in Summonings
  1721 | D:2      | Reached skill level 1 in Necromancy
  1721 | D:2      | Reached skill level 1 in Translocations
  1721 | D:2      | Reached skill level 1 in Transmutations
  1721 | D:2      | Reached skill level 1 in Fire Magic
  1721 | D:2      | Reached skill level 1 in Ice Magic
  1721 | D:2      | Reached skill level 1 in Air Magic
  1721 | D:2      | Reached skill level 1 in Earth Magic
  1721 | D:2      | Reached skill level 1 in Poison Magic
  1760 | D:2      | Killed Robin
  2154 | D:2      | Reached XP level 5. HP: 41/43 MP: 12/12
  2619 | D:3      | Noticed Sigmund
  2625 | D:3      | Killed Sigmund
  2625 | D:3      | Reached skill level 5 in Fighting
  2625 | D:3      | Reached skill level 5 in Polearms
  2625 | D:3      | Reached skill level 5 in Dodging
  2625 | D:3      | Reached XP level 6. HP: 49/51 MP: 10/14
  2668 | D:3      | Found a deep blue altar of Sif Muna.
  2947 | D:3      | Found a runed translucent door.
  2948 | D:3      | Noticed Crazy Yiuf
  3148 | D:3      | Killed Crazy Yiuf
  3148 | D:3      | Reached XP level 7. HP: 46/56 MP: 12/15
  3455 | D:4      | Noticed a hungry ghost
  3464 | D:4      | Killed a hungry ghost
  3560 | D:4      | Found a burning altar of Makhleb.
  3674 | D:4      | Noticed Pikel
  3702 | D:4      | Killed Pikel
  3702 | D:4      | Reached XP level 8. HP: 21/64 MP: 12/17
  3715 | D:4      | HP: 3/64 [poisoned by an orc wizard]
  3720 | D:4      | Succumbed to an orc wizard's poison

Levels and vault maps discovered:
D:1:      arrival_zaba_pyramid, layout_rooms
D:2:      layout_basic, kennysheep_generic_room_5, uniq_robin
D:3:      layout_rooms, led_sif_book, first_ration, minmay_diced_spiral,
          uniq_sigmund, uniq_crazy_yiuf_cottage
D:4:      layout_basic, serial_shops,
          nicolae_shop_temple_entry_statues_fountains, makhleb_heckhound_becter,
          uniq_pikel

Skill      XL: |  1  2  3  4  5  6  7 |
---------------+----------------------+-----
Spellcasting   | 5 6 |  6.0
Invocations    | 1 2 3 |  3.6
Short Blades   | 1 2 3 |  3.2
Long Blades    | 1 2 3 |  3.2
Axes           | 1 2 3 |  3.2
Maces & Flails | 1 2 3 |  3.2
Staves         | 1 2 3 |  3.2
Slings         | 1 2 3 |  3.2
Bows           | 1 2 3 |  3.2
Crossbows      | 1 2 3 |  3.2
Throwing       | 1 2 3 |  3.2
Stealth        | 1 2 3 |  3.2
Shields        | 1 2 3 |  3.2
Unarmed Combat | 1 2 3 |  3.2
Evocations     | 1 2 3 |  3.2
Conjurations   | 1 2 |  2.6
Hexes          | 1 2 |  2.6
Summonings     | 1 2 |  2.6
Necromancy     | 1 2 |  2.6
Translocations | 1 2 |  2.6
Transmutations | 1 2 |  2.6
Fire Magic     | 1 2 |  2.6
Ice Magic      | 1 2 |  2.6
Air Magic      | 1 2 |  2.6
Earth Magic    | 1 2 |  2.6
Poison Magic   | 1 2 |  2.6
Armour         | 3 4 |  4.2
Fighting       | 5 |  5.7
Polearms       | 5 |  5.7
Dodging        | 5 |  5.7
Charms         | 6 |  6.1

Action                   |  1- 3 |  4- 6 |  7- 9 || total
-------------------------+-------+-------+-------++-------
Melee: Spear             |   160 |   103 |       ||   263
       Bite              |    11 |    14 |     8 ||    33
       Trident           |       |    74 |    83 ||   157
       Punch             |       |     1 |     3 ||     4
 Cast: Infusion          |     2 |       |       ||     2
       Spectral Weapon   |     1 |     6 |     7 ||    14
       Regeneration      |       |     2 |     1 ||     3
 Stab: Sleeping          |       |     1 |       ||     1
  Eat: Chunk             |     2 |     6 |     3 ||    11
Armor: Leather armour    |     1 |       |       ||     1
       Ring mail         |    53 |    41 |    33 ||   127
Dodge: Dodged            |   107 |   111 |    58 ||   276

Table legend:
 A = Non-vault XP
 B = Vault XP
 C = Vault XP percentage of total XP
 D = Non-vault monster count
 E = Vault monster count
 F = Vault count percentage of total count
                 A         B        C        D         E       F
            +---------+---------+-------+---------+---------+-------
      Total |     659 |    1137 |  63.3 |      80 |      27 |  25.2
            +---------+---------+-------+---------+---------+-------
        D:1 |      50 |       0 |   0.0 |      26 |       0 |   0.0
        D:2 |      95 |      52 |  35.4 |      20 |      15 |  42.9
        D:3 |      76 |     369 |  82.9 |      17 |      10 |  37.0
        D:4 |     438 |     716 |  62.0 |      17 |       2 |  10.5
            +---------+---------+-------+---------+---------+-------
